 Dungeon Crawl Stone Soup version 0.31-a0-1074-g0b22e4e0f1 (webtiles) character file.

Game seed: 3139608825570573412

1287 grandjackal the Destroyer (level 8, -3/51 HPs)
             Began as a Tengu Conjurer on Nov 29, 2023.
             Was a Follower of Vehumet.
             Slain by a hornet (10 damage)
             ... while paralysed by a hornet
             ... on level 6 of the Dungeon.
             The game lasted 00:06:27 (4350 turns).

grandjackal the Destroyer (Tengu Conjurer)          Turns: 4350, Time: 00:06:27

Health: -3/51      AC:  3    Str:  8    XL:     8   Next: 55%
Magic:  8/17       EV:  2    Int: 26    God:    Vehumet [*.....]
Gold:   254        SH:  0    Dex: 13    Spells: 10/18 levels left

rFire   + . .        c - +0 rapier
rCold   . . .        (no shield)
rNeg    . . .        a - +0 robe
rPois   .            (helmet restricted)
rElec   .            h - +0 cloak
rCorr   .            (no gloves)
SInv    .            (boots unavailable)
Will    .....        (no amulet)
Stlth   ++           l - +6 ring of intelligence
HPRegen 0.28/turn    o - ring of protection from fire
MPRegen 0.15/turn

%: acrobat
@: paralysed, lethally poisoned (-3 -> -14), flying, slowed
A: beak, talons 3, evasive flight, acrobatic
a: Renounce Religion


You were on level 6 of the Dungeon.
You worshipped Vehumet.
Vehumet was aware of your devotion.
You visited 2 branches of the dungeon, and saw 7 of its levels.

You collected 254 gold pieces.

Inventory:

Hand Weapons
 c - a +0 rapier (weapon)
 p - a +0 dagger of electrocution
Missiles
 r - 2 throwing nets
Armour
 a - a +0 robe (worn)
 h - a +0 cloak (worn)
 t - a +0 buckler
Jewellery
 l - a +6 ring of intelligence (left hand)
 o - a ring of protection from fire (right hand)
Scrolls
 e - a scroll of amnesia {unknown}
 f - 2 scrolls of vulnerability {unknown}
 i - 2 scrolls of blinking {unknown}
 j - a scroll of fog
 k - 2 scrolls of teleportation
 s - a scroll of noise
Potions
 b - a potion of magic
 d - 2 potions of curing
 g - 2 potions of attraction
 m - a potion of haste
 n - a potion of brilliance
 q - a potion of resistance


   Skills:
 + Level 5.6 Fighting
 - Level 2.1 Dodging
 - Level 2.0 Stealth
 + Level 0.0 Shields
 + Level 5.6 Spellcasting
 + Level 9.3 Conjurations


You had 10 spell levels left.
You knew the following spells:

 Your Spells              Type           Power      Damage    Failure   Level
a - Magic Dart            Conj           100%       1d8       1%          1
b - Searing Ray           Conj           100%       2d8       1%          2
c - Kiss of Death         Conj/Necr      100%       2d13      1%          1
d - Iskenderun's Mystic   Conj/Tloc      31%        2d8       11%         4

Your spell library contained the following spells:

 Spells                   Type           Power      Damage    Failure   Level
 Dazzling Flash           Conj/Hex       62%        N/A       3%          3
 Fulminant Prism          Conj/Hex       15%        3d10      11%         4


Dungeon Overview and Level Annotations

Branches:
Dungeon (6/15)             Temple (1/1) D:4

Altars:
Ashenzari
Cheibriados
Dithmenos
Elyvilon
Fedhas
Gozag
Kikubaaqudgha
Makhleb
Nemelex Xobeh
Okawaru
Qazlal
Ru
Sif Muna
Trog
Uskayaw
Vehumet
Wu Jian
Xom
Zin
The Shining One


Innate Abilities, Weirdness & Mutations

You have a beak for a mouth.
You have claws for feet.
Your magical flight helps you evade attacks. (EV +4)
You can magically evade attacks while moving or waiting.


Message History

The hornet is lightly wounded.
You finish channelling your searing ray.
The hornet misses you. The hornet completely misses you.
Unknown command.
A hornet is nearby!
Casting: Searing Ray (safe; 1% risk of failure)
Confirm with . or Enter, or press ? or * to list all spells.
Aiming: Searing Ray (safe; 1% risk of failure)
Press: ? - help, Shift-Dir - straight line, f/p - hornet
Aim: a hornet (lightly wounded, 74% to hit)
The searing ray hits the hornet!
The hornet is moderately wounded. (Press . to maintain the ray.)
The hornet stings you!
You feel yourself slow down.
The searing ray misses the hornet.
The hornet misses you. The hornet completely misses you.
Unknown command.
The searing ray hits the hornet!
The hornet is severely wounded.
The hornet completely misses you. The hornet stings you!
You feel as though you will be slow longer.
The hornet misses you.
Unknown command.
The searing ray hits the hornet.
The hornet is severely wounded.
You finish channelling your searing ray.
The hornet stings you.
You feel as though you will be slow longer.
The hornet stings you!
You are poisoned.
You suddenly lose the ability to move!
You feel very sick. The hornet stings you!
* * * LOW HITPOINT WARNING * * *
You are lethally poisoned!
You feel as though you will be slow longer.
* * * LOW HITPOINT WARNING * * *
You feel very sick. The hornet stings you!
You die...

### # #
....#######.#....
.##....$y@.....#
.......<##.....#
........# ######
........#
>.......#
........#
........#
#########


You could see a hornet.

Vanquished Creatures
  3 black bears
  2 centaurs
  A phantom (D:4)
  2 scorpions (D:5)
  A water moccasin skeleton (D:4)
  2 jellies
  2 orc priests (D:5)
  5 hounds
  Natasha (thrice) (D:4)
  An iguana (D:5)
  2 orc wizards
  A scorpion zombie (D:4)
  3 hound skeletons (D:4)
  4 gnolls (D:4)
  A howler monkey skeleton (D:4)
  2 adders (D:3)
  A white imp (D:5)
  A worm (D:2)
  A dart slug (D:1)
  8 orcs
  8 ball pythons
  An endoplasm (D:4)
  9 giant cockroaches
  3 goblins
  7 hobgoblins
  2 quokkas
  2 bats (D:2)
  5 frilled lizards
  A jackal skeleton (D:4)
  9 kobolds
  7 rats
100 creatures vanquished.

Notes
Turn   | Place    | Note
-------+----------+-------------------------------------------
     0 | D:1      | grandjackal the Tengu Conjurer began the quest for the Orb.
     0 | D:1      | Reached XP level 1. HP: 10/10 MP: 4/4
    78 | D:1      | Reached XP level 2. HP: 15/16 MP: 6/6
    81 | D:1      | Learned a level 2 spell: Searing Ray
   250 | D:1      | Reached skill level 1 in Fighting
   573 | D:2      | Reached XP level 3. HP: 17/20 MP: 7/7
  1073 | D:3      | Reached skill level 6 in Conjurations
  1175 | D:3      | Reached XP level 4. HP: 26/26 MP: 9/9
  1240 | D:3      | Noticed a centaur
  1250 | D:3      | Killed a centaur
  1251 | D:3      | Reached XP level 5. HP: 28/31 MP: 5/10
  1977 | D:4      | Found a staircase to the Ecumenical Temple.
  1984 | Temple   | Entered the Ecumenical Temple
  1993 | Temple   | Became a worshipper of Vehumet
  2007 | D:4      | Noticed a black bear
  2017 | D:4      | Killed a black bear
  2018 | D:4      | Reached skill level 7 in Conjurations
  2018 | D:4      | Reached XP level 6. HP: 37/37 MP: 7/12
  2228 | D:4      | Gained mutation: Your magical flight helps you evade
                  | attacks. (EV +4) [Tengu growth]
  2228 | D:4      | Reached XP level 7. HP: 38/42 MP: 5/14
  2668 | D:4      | Reached skill level 8 in Conjurations
  2780 | D:4      | Reached * piety under Vehumet
  2780 | D:4      | Offered knowledge of Kiss of Death by Vehumet.
  2795 | D:4      | Learned a level 1 spell: Kiss of Death
  2800 | D:4      | Learned a level 4 spell: Iskenderun's Mystic Blast
  2947 | D:4      | Noticed Natasha
  2952 | D:4      | Killed Natasha
  3072 | D:4      | Noticed Natasha
  3079 | D:4      | Killed Natasha
  3126 | D:4      | Noticed Natasha
  3129 | D:4      | Killed Natasha
  3144 | D:5      | Entered Level 5 of the Dungeon
  3290 | D:5      | Reached skill level 5 in Fighting
  3290 | D:5      | Reached skill level 5 in Spellcasting
  3290 | D:5      | Reached XP level 8. HP: 37/49 MP: 11/16
  3952 | D:5      | Reached skill level 9 in Conjurations
  4338 | D:6      | Noticed a hornet
  4348 | D:6      | Paralysed by a hornet for 3 turns
  4350 | D:6      | Slain by a hornet

Illustrated notes

Levels and vault maps discovered:
D:1:      lemuel_arrival_broad_hall, layout_rooms
D:2:      layout_rooms
D:3:      layout_basic
D:4:      layout_loops_ring, minmay_temple_entry_mist, serial_undead,
          serial_undead_f, serial_undead_b, serial_undead_b, serial_undead_e,
          serial_undead_b, serial_undead_f, chequers_serial_rivers_micro_d,
          serial_park_tiny_1, uniq_natasha
D:5:      layout_loops_ring, hangedman_decor_push
D:6:      layout_rooms, nicolae_ossuary_entry_ruins
Temple:   nicolae_temple_bog_church

Skill      XL: |  1  2  3  4  5  6  7  8 |
---------------+-------------------------+-----
Fighting       | 1 2 3 5 |  5.6
Conjurations   | 6 7 8 9 |  9.3
Spellcasting   | 3 4 5 |  5.6
Dodging        | |  2.1
Stealth        | |  2.0

Action                     |  1- 3 |  4- 6 |  7- 9 || total
---------------------------+-------+-------+-------++-------
  Melee: Rapier            |    77 |    34 |    59 ||   170
         Kick              |    17 |     4 |    15 ||    36
         Peck              |     5 |     8 |    11 ||    24
         Punch             |     1 |     1 |     1 ||     3
   Cast: Searing Ray       |     2 |    11 |    23 ||    36
         Magic Dart        |       |     1 |     1 ||     2
    Use: Scroll            |     4 |       |     4 ||     8
   Stab: Sleeping          |     6 |     1 |     2 ||     9
 Armour: Robe              |    29 |    26 |    39 ||    94
  Dodge: Dodged            |    63 |    47 |    87 ||   197

Table legend: (Time is in decaauts)
 A = Elapsed time spent in this place.
 B = Non-inter-level travel time spent in this place.
 C = Inter-level travel time spent in this place.
 D = Time resting spent in this place.
 E = Time spent auto-exploring this place.
 F = Levels seen in this place.
 G = Mean time per level.
                   A        B        C        D        E       F      G
               +--------+--------+--------+--------+--------+-----+--------+
         Total |   4389 |   4139 |    250 |    705 |   2658 |   7 |  627.0 |
       Dungeon |   4310 |   4070 |    240 |    647 |   2658 |   6 |  718.3 |
        Temple |     79 |     70 |      9 |     58 |      0 |   1 |   79.0 |
               +--------+--------+--------+--------+--------+-----+--------+

Top non-repeatable levels by time:
     D:4: 1281 daAuts
     D:5: 1029 daAuts
     D:3: 988 daAuts
     D:2: 532 daAuts
     D:1: 465 daAuts
  Temple: 79 daAuts
     D:6: 13 daAuts
